 Dungeon Crawl Stone Soup version 0.27-a0-1180-g7fc4abc71e (webtiles) character file.

Game seed: 16676390879384625503

148448 EldarEldrad the Severer (level 16, -19/139 HPs)
             Began as a Minotaur Berserker on Mar 21, 2021.
             Was a High Priest of Trog.
             Demolished by an emperor scorpion (25 damage)
             ... on level 4 of the Spider Nest on May 17, 2021.
             The game lasted 02:31:47 (32979 turns).

EldarEldrad the Severer (Minotaur Berserker)       Turns: 32979, Time: 02:32:17

Health: -19/139    AC: 30    Str: 22      XL:     16   Next: 94%
Magic:  1/15       EV: 14    Int:  1 (4)  God:    Trog [*****.]
Gold:   1132       SH:  5    Dex: 16 (17) Spells: 15/15 levels left

rFire    . . .     SeeInvis .   a - +7 battleaxe "Boseuwis" {holy, Will++}
rCold    + + .     Faith    .   (shield currently unavailable)
rNeg     + + .     Spirit   .   q - +3 plate armour {rC+}
rPois    +         Reflect  +   I - +1 hat
rElec    .         Harm     .   Y - +1 cloak {rPois}
rCorr    .         Rampage  .   u - +0 pair of gloves "Waxzyer" {rN+ Str-3 Dex+3 Slay+3}
Will     +++++                  (no boots)
Stlth    ..........             S - amulet of reflection
HPRegen  1.33/turn              h - +4 ring of protection
MPRegen  0.14/turn              o - ring "Ollud" {rC+ rN+}

@: lethally poisoned (-19 -> -19), about to teleport, strong-willed, on berserk
cooldown, regenerating, slowed, very slow
A: horns 2, retaliatory headbutt
a: Renounce Religion, Berserk, Trog's Hand, Brothers in Arms


You were on level 4 of the Spider Nest.
You worshipped Trog.
Trog was extremely pleased with you.
You visited 5 branches of the dungeon, and saw 26 of its levels.
You also visited: Bailey.

You collected 2293 gold pieces.
You spent 1161 gold pieces at shops.

Inventory:

Hand Weapons
 a - the +7 battleaxe "Boseuwis" (weapon) {holy, Will++}
   (You acquired it on level 2 of the Orcish Mines)

   It has been blessed by the Shining One to cause great damage to the undead
   and demons.
   It greatly increases your willpower.
 b - a +5 broad axe of flaming
Armour
 q - a +3 plate armour of cold resistance (worn)
 u - the +0 pair of gloves "Waxzyer" (worn) {rN+ Str-3 Dex+3 Slay+3}
   (You found it on level 4 of the Dungeon)

   It affects your strength (-3).
   It affects your dexterity (+3).
   It affects your accuracy and damage with ranged weapons and melee attacks
   (+3).
   It protects you from negative energy.
 x - the +0 tower shield of Inevitability {rElec rC- rCorr Stlth+}
   (You found it on level 5 of the Lair of Beasts)

   It makes you vulnerable to cold.
   It insulates you from electricity.
   It protects you from acid and corrosion.
   It makes you more stealthy.
 I - a +1 hat (worn)
 Y - a +1 cloak of poison resistance (worn)
Jewellery
 c - a ring of flight
 h - a +4 ring of protection (left hand)
 o - the ring "Ollud" (right hand) {rC+ rN+}
   (You bought it in a shop on level 2 of the Orcish Mines)

   [ring of positive energy]

   It protects you from cold.
   It protects you from negative energy.
 w - a ring of protection from fire
 B - an amulet of regeneration
 F - a ring of willpower
 G - a ring of see invisible
 O - a ring of protection from cold
 S - an amulet of reflection (around neck)
Wands
 l - a wand of digging (6)
 r - a wand of paralysis (9)
 y - a wand of flame (6)
 H - a wand of polymorph (34)
 K - a wand of acid (17)
 M - a wand of iceblast (33)
 Q - a wand of mindburst (53)
 R - a wand of charming (8)
Scrolls
 d - a scroll of blinking
 e - 3 scrolls of fog
 g - 5 scrolls of immolation
 j - 2 scrolls of fear
 k - 5 scrolls of noise
 n - 7 scrolls of teleportation
 t - a scroll of brand weapon
 v - 4 scrolls of enchant armour
 C - 2 scrolls of summoning
 D - a scroll of silence
 E - 3 scrolls of enchant weapon
 P - 3 scrolls of magic mapping
 Z - 3 scrolls of identify
Potions
 i - 8 potions of heal wounds
 m - 3 potions of berserk rage
 p - 4 potions of flight
 s - 2 potions of magic
 z - 3 potions of invisibility
 A - a potion of ambrosia
 J - 4 potions of lignification
 L - 3 potions of haste
 N - 6 potions of curing
 U - 2 potions of might
 W - 3 potions of resistance
Miscellaneous
 f - a phial of floods


   Skills:
 - Level 12.0 Fighting
 - Level 20.0 Axes
 - Level 18.0 Armour
 - Level 15.0 Dodging
 - Level 10.0 Shields
 + Level 6.8 Evocations


You had 15 spell levels left.
You didn't know any spells.
Your spell library was empty.

Dungeon Overview and Level Annotations

Branches:
Dungeon (13/15)            Temple (1/1) D:4            Lair (6/6) D:9
 Shoals (0/4) Lair:2       Spider (4/4) Lair:2        Slime (0/5) Lair:6
    Orc (2/2) D:10            Elf (0/3) Orc:2        Bailey (visited)
 Vaults: D:13-14

Altars:
Ashenzari
Cheibriados
Dithmenos
Elyvilon
Fedhas
Gozag
Hepliaklqana
Kikubaaqudgha
Makhleb
Nemelex Xobeh
Okawaru
Qazlal
Ru
Sif Muna
Trog
Uskayaw
Vehumet
Wu Jian
Xom
Yredelemnul
Zin
The Shining One
Beogh
Jiyva

Shops:
D:5 ?   D:7 *   Orc:1 (   Orc:2 ==!(


Innate Abilities, Weirdness & Mutations

You have a pair of horns on your head.
You reflexively headbutt those who attack you in melee.


Message History

You are exhausted.
You feel yourself slow down.
You feel sick. The hornet closely misses you.
You hear an angry buzzing noise.
The emperor scorpion closely misses you.
You furiously retaliate!
You headbutt the emperor scorpion, but do no damage.
The emperor scorpion claws you but does no damage.
The emperor scorpion completely misses you.
As you read the scroll of teleportation, it crumbles to dust.
You feel strangely unstable.
You feel very sick. The hornet stings you!!
* * * LOW HITPOINT WARNING * * *
You block the hornet's attack. The hornet closely misses you.
The emperor scorpion stings you.
* * * LOW HITPOINT WARNING * * *
The emperor scorpion claws you but does no damage.
The emperor scorpion completely misses you.
The emperor scorpion stings you but does no damage.
The emperor scorpion barely misses you.
The emperor scorpion claws you but does no damage.
The hornet closely misses you. You furiously retaliate!
You headbutt the hornet!
You hear an angry buzzing noise.
The moth of wrath goads the hornet on!
The hornet goes berserk!
You feel sick.
The hornet rages.
The hornet stings you but does no damage.
The moth of wrath goads the emperor scorpion on!
The emperor scorpion goes berserk!
The emperor scorpion stings you but does no damage.
The emperor scorpion claws you but does no damage.
The emperor scorpion misses you.
You feel sick. The hornet closely misses you. You furiously retaliate!
You headbutt the hornet! The emperor scorpion misses you.
The emperor scorpion closely misses you.
The emperor scorpion claws you.
* * * LOW HITPOINT WARNING * * *
The emperor scorpion stings you!!
You die...

##....## #≈...##
#^..### ##^...##
#..## #+##...##≈##
#≈..# ..##≈.^##..'
###...#
..^##...≈...'
#...#####s.
##†.....' #..≈##yy†#
##.†..≈## #^..^ysyy#
#.....##
##...@s##...##....##
#[≈#### ..##..###
##.## .##≈..## #..##
###...### #...###
#####≈...≈##
#≈....###...###..!.#
##.....##^≈≈.##....^
#≈≈.....##≈≈.###....
##≈≈#.....≈≈≈##
##...


You could see 2 emperor scorpions, 5 hornets and a redback (berserk).

Vanquished Creatures
  Arachne (Spider:2)
  Jorgrun (D:12)
  Kirke (Spider:3)
  5 ghost moths
  2 emperor scorpions (Spider:4)
  2 orc warlords (Orc:2)
  2 entropy weavers
  An ettin (Orc:2)
  4 hydras
  5 boulder beetles
  An alligator (Lair:5)
  6 two-headed ogres
  13 death yaks (Lair:6)
  4 orc high priests (Orc:2)
  A fire crab (Lair:5)
  Pikel (D:8)
  A necromancer (Lair:5)
  9 orc knights
  An ugly thing (D:12)
  4 orc sorcerers (Orc:2)
  31 wolf spiders
  A manticore (D:12)
  5 slime creatures (D:12)
  20 orb spiders
  Maurice (D:12)
  2 oklob plants
  3 black mambas
  2 moths of wrath
  9 elephants
  22 cane toads
  A torpor snail (Lair:5)
  Maggie (D:7)
  An unseen horror (D:11)
  3 rime drakes (Lair:6)
  17 demonic crawlers
  A kobold demonologist (D:12)
  14 komodo dragons
  3 trolls
  4 tyrant leeches (Lair:6)
  28 jumping spiders
  A polar bear (Lair:1)
  10 hornets
  A merfolk (Lair:2)
  12 blink frogs (Lair:6)
  6 dream sheep (Lair:6)
  6 wyverns
  57 yaks
  66 redbacks
  36 tarantellas
  A wraith (D:13)
  4 basilisks
  4 hogs (Spider:3)
  10 vampire mosquitoes
  Menkaure (D:7)
  4 wargs
  18 water moccasins
  Duvessa (D:4)
  40 orc warriors
  2 ice beasts
  6 sky beasts
  3 black bears
  A necrophage (D:9)
  17 ogres
  14 wolves
  6 centaurs
  3 phantoms
  2 lemures (D:8)
  2 kobold brigands
  22 bullfrogs
  A gnoll sergeant (D:13)
  A wyvern zombie (D:8)
  Dowan (D:4)
  A scorpion (D:7)
  A water moccasin skeleton (D:9)
  3 killer bees (D:13)
  9 wights
  2 howler monkeys (D:4)
  10 electric eels
  2 centaur zombies
  2 bullfrog zombies
  2 centaur skeletons
  5 hounds
  2 quasits
  25 orc priests
  2 bullfrog skeletons
  6 jellies
  9 iguanas
  33 orc wizards
  5 removed worker ants
  A polar bear simulacrum (Lair:5)
  3 ghosts
  A yak simulacrum (Lair:5)
  6 wolf simulacra (Lair:5)
  A killer bee zombie (D:9)
  A hound zombie (D:9)
  A hound skeleton (D:5)
  A howler monkey zombie (D:5)
  12 gnolls
  13 adders
  3 shadow imps
  A white imp (D:6)
  5 ufetubi
  18 endoplasms
  5 worms
  A dart slug (D:1)
  119 orcs
  7 removed leopard geckos
  6 giant cockroaches
  12 goblins
  18 hobgoblins
  15 jackals
  6 quokkas
  2 ball pythons
  A ball python skeleton (D:4)
  2 bats
  5 frilled lizards
  25 kobolds
  A quokka zombie (D:6)
  9 rats
  3 river rat simulacra (Lair:5)
1016 creatures vanquished.

Vanquished Creatures (others)
  2 humans (Spider:3)
  3 vampire mosquitoes (D:12)
  60 fungi
  187 plants
252 creatures vanquished.

Grand Total: 1268 creatures vanquished

Notes
Turn   | Place    | Note
-------+----------+-------------------------------------------
     0 | D:1      | EldarEldrad the Minotaur Berserker began the quest for the
                  | Orb.
     0 | D:1      | Reached XP level 1. HP: 19/19 MP: 0/0
   147 | D:1      | Reached skill level 4 in Axes
   147 | D:1      | Reached XP level 2. HP: 26/26 MP: 1/1
  1170 | D:1      | Identified Xaannieq's Almanac of Weightlessness
  1212 | D:1      | Reached skill level 5 in Axes
  1399 | D:2      | Reached XP level 3. HP: 31/31 MP: 2/2
  1515 | D:2      | Found a hide-covered altar of Uskayaw.
  2708 | D:3      | Reached ** piety under Trog
  2709 | D:3      | Reached XP level 4. HP: 37/39 MP: 3/3
  2738 | D:3      | Reached skill level 6 in Axes
  2783 | D:3      | Found an ancient bone altar of Kikubaaqudgha.
  3360 | D:4      | Reached skill level 7 in Axes
  3360 | D:4      | Reached XP level 5. HP: 45/45 MP: 4/4
  3523 | D:4      | Found a staircase to the Ecumenical Temple.
  3534 | D:4      | Noticed Duvessa
  3535 | D:4      | Noticed Dowan
  3539 | Temple   | Entered the Ecumenical Temple
  3804 | D:4      | Killed Duvessa
  3804 | D:4      | Reached *** piety under Trog
  3805 | D:4      | Reached skill level 8 in Axes
  3986 | D:4      | Killed Dowan
  3987 | D:4      | Reached XP level 6. HP: 36/51 MP: 5/5
  4246 | D:4      | Identified the +0 pair of gloves "Waxzyer" {rN+ Str-3 Dex+3
                  | Slay+3}
  4355 | D:4      | Reached skill level 9 in Axes
  4610 | D:5      | Entered Level 5 of the Dungeon
  4737 | D:5      | Reached XP level 7. HP: 28/57 MP: 6/6
  5154 | D:5      | Found Gebynifo's Magic Scroll Shop.
  5243 | D:5      | Reached **** piety under Trog
  5244 | D:5      | Reached skill level 10 in Axes
  5369 | D:5      | Found a glowing golden altar of the Shining One.
  6101 | D:5      | Reached skill level 11 in Axes
  6105 | D:5      | You fall into a shaft and drop 1 floor!
  6209 | D:6      | Reached XP level 8. HP: 64/64 MP: 7/7
  6290 | D:6      | Reached skill level 12 in Axes
  6529 | D:5      | Reached skill level 13 in Axes
  6540 | D:5      | Found a shimmering blue altar of Sif Muna.
  6900 | D:6      | Reached ***** piety under Trog
  6994 | D:6      | Reached XP level 9. HP: 51/70 MP: 8/8
  7345 | D:7      | Reached skill level 14 in Axes
  7483 | D:7      | Reached skill level 5 in Fighting
  7617 | D:7      | Reached skill level 5 in Armour
  7639 | D:7      | Noticed Menkaure
  7651 | D:7      | Killed Menkaure
  7684 | D:7      | Found a bloodstained altar of Trog.
  7690 | D:7      | Found a broken altar of Ashenzari.
  7692 | D:7      | Found a burning altar of Makhleb.
  7917 | D:7      | Noticed Maggie
  7937 | D:7      | Killed Maggie
  8045 | D:7      | Found Xecenya's Assorted Antiques.
  8061 | D:7      | Bought a scroll labelled VOOFIGGO JOSKO for 31 gold pieces
  8061 | D:7      | Bought a fuming white potion for 27 gold pieces
  8061 | D:7      | Bought a scroll labelled ORIANE JIZU for 31 gold pieces
  8061 | D:7      | Bought a scroll labelled GUANKUILEI for 31 gold pieces
  8250 | D:7      | Found a blossoming altar of Fedhas.
  8378 | D:8      | Noticed Pikel
  8406 | D:8      | Killed Pikel
  8407 | D:8      | Reached skill level 1 in Evocations
  8407 | D:8      | Reached XP level 10. HP: 67/81 MP: 9/9
  8549 | D:8      | Received a gift from Trog
  8565 | D:8      | Noticed a two-headed ogre
  8574 | D:8      | Killed a two-headed ogre
  8575 | D:8      | Reached skill level 10 in Armour
  8575 | D:8      | Found a flagged portal.
  8607 | Bailey   | Entered a bailey
  8680 | Bailey   | Noticed an orc knight
  8693 | Bailey   | Killed an orc knight
  8751 | Bailey   | Found a burning altar of Makhleb.
  9493 | D:9      | Reached skill level 1 in Shields
  9572 | D:9      | Found a white marble altar of Elyvilon.
  9797 | D:9      | Reached XP level 11. HP: 80/86 MP: 10/10
  9809 | D:9      | Found a staircase to the Lair.
 10019 | D:9      | Reached skill level 5 in Evocations
 10134 | Lair:1   | Entered Level 1 of the Lair of Beasts
 10354 | Lair:1   | Reached skill level 5 in Shields
 10625 | Lair:1   | You fall into a shaft and drop 1 floor!
 10759 | Lair:1   | Reached skill level 15 in Axes
 10777 | Lair:1   | Received a gift from Trog
 11357 | Lair:2   | Found a hole to the Spider Nest.
 11419 | Lair:2   | Reached skill level 16 in Axes
 11692 | Lair:2   | Found a staircase to the Shoals.
 11741 | Lair:2   | Noticed an oklob plant
 11804 | Lair:2   | Killed an oklob plant
 11805 | Lair:2   | Reached XP level 12. HP: 82/101 MP: 11/11
 11954 | Lair:2   | Upgraded the game from 0.27-a0-686-gaed091b46b to
                  | 0.27-a0-1177-g245c70e1c0
 12108 | Lair:3   | Reached skill level 5 in Dodging
 12526 | Lair:3   | Noticed a four-headed hydra
 12534 | Lair:3   | Killed a four-headed hydra
 12849 | Lair:4   | Noticed a boulder beetle
 12868 | Lair:4   | Killed a boulder beetle
 13345 | Lair:4   | Found a glowing golden altar of the Shining One.
 13439 | Lair:4   | Reached skill level 10 in Dodging
 14374 | Lair:5   | Identified the +0 tower shield of Inevitability {rElec rC-
                  | rCorr Stlth+}
 14410 | Lair:5   | Noticed an eight-headed hydra
 14420 | Lair:5   | Killed an eight-headed hydra
 14551 | Lair:5   | Reached XP level 13. HP: 113/113 MP: 12/12
 14620 | Lair:5   | Received a gift from Trog
 14684 | Lair:5   | Reached skill level 10 in Fighting
 15256 | Lair:5   | Found the +11 plutonium sword {Contam Stlth-}
 15587 | Lair:6   | Entered Level 6 of the Lair of Beasts
 15852 | Lair:6   | Found a viscous altar of Jiyva.
 15852 | Lair:6   | Found a staircase to the Slime Pits.
 16284 | Lair:6   | Reached ****** piety under Trog
 16284 | Lair:6   | Received a gift from Trog
 16654 | Lair:6   | Reached XP level 14. HP: 121/121 MP: 13/13
 16669 | Lair:6   | Reached skill level 15 in Armour
 17305 | Lair:6   | Found an ornate altar of the Wu Jian Council.
 17472 | Lair:6   | Received a gift from Trog
 17475 | Lair:6   | Reached skill level 10 in Shields
 17904 | D:10     | Entered Level 10 of the Dungeon
 18089 | D:10     | Found a staircase to the Orcish Mines.
 18361 | D:11     | You fall into a shaft and drop 2 floors!
 18712 | D:12     | Identified the +1 leather armour of Truth {Harm rF+ Dex+4}
 18936 | D:12     | Noticed Jorgrun
 18943 | D:12     | Killed Jorgrun
 19284 | D:11     | Received a gift from Trog
 19481 | D:11     | Reached skill level 17 in Axes
 19664 | D:11     | Identified the +8 spear of the Heavens {protect, +Blink
                  | rN+++ Int-5 Stlth+}
 19827 | D:11     | Upgraded the game from 0.27-a0-1177-g245c70e1c0 to
                  | 0.27-a0-1180-g7fc4abc71e
 19857 | D:12     | Found an ornate altar of the Wu Jian Council.
 20355 | D:12     | Noticed Maurice
 20361 | D:12     | Killed Maurice
 20713 | Orc:1    | Entered Level 1 of the Orcish Mines
 20785 | Orc:1    | Found Fuopleysez's Weapon Boutique.
 21278 | Orc:2    | Entered Level 2 of the Orcish Mines
 21874 | Orc:2    | Reached skill level 18 in Axes
 22007 | Orc:2    | Noticed an orc warlord
 22013 | Orc:2    | Killed an orc warlord
 22013 | Orc:2    | Received a gift from Trog
 22061 | Orc:2    | Found Gabu's Distillery.
 22069 | Orc:2    | Reached XP level 15. HP: 132/132 MP: 14/14
 22072 | Orc:2    | Bought a potion of heal wounds for 65 gold pieces
 22072 | Orc:2    | Bought a potion of heal wounds for 65 gold pieces
 22072 | Orc:2    | Bought a potion of heal wounds for 65 gold pieces
 22072 | Orc:2    | Bought a potion of invisibility for 104 gold pieces
 22072 | Orc:2    | Bought a potion of might for 52 gold pieces
 22072 | Orc:2    | Bought 2 potions of curing for 78 gold pieces
 22079 | Orc:2    | Found Cidwy's Weapon Emporium.
 23132 | Orc:2    | Identified a scroll of acquirement
 23133 | Orc:2    | Acquired the +7 battleaxe "Boseuwis" {holy, Will++}
 23299 | Orc:2    | Found a staircase to the Elven Halls.
 23562 | Orc:2    | Noticed an orc warlord
 23596 | Orc:2    | Killed an orc warlord
 23597 | Orc:2    | Reached skill level 19 in Axes
 23601 | Orc:2    | Received a gift from Trog
 23974 | Orc:2    | Found Rucem's Jewellery Shop.
 23998 | Orc:2    | Bought the ring "Ollud" {rC+ rN+} for 612 gold pieces
 24047 | Orc:2    | Found Jop Wol's Jewellery Boutique.
 24501 | Spider:1 | Entered Level 1 of the Spider Nest
 25013 | Spider:1 | Reached skill level 20 in Axes
 25494 | Spider:1 | Received a gift from Trog
 26261 | Spider:2 | Noticed Arachne
 26286 | Spider:2 | Killed Arachne
 27027 | Spider:2 | Reached XP level 16. HP: 139/139 MP: 15/15
 28520 | Spider:3 | Received a gift from Trog
 28935 | Spider:3 | Noticed Kirke
 28948 | Spider:3 | Killed Kirke
 29507 | Spider:3 | Reached skill level 15 in Dodging
 29580 | Spider:3 | Received a gift from Trog
 30184 | Spider:4 | Entered Level 4 of the Spider Nest
 32959 | Spider:4 | Received a gift from Trog
 32979 | Spider:4 | HP: 6/139 [emperor scorpion (2)]
 32979 | Spider:4 | Demolished by an emperor scorpion

Illustrated notes

Levels and vault maps discovered:
D:1:      dpeg_arrival_signposts, layout_loops_ring
D:2:      wad_pebble_path, layout_basic,
          nicolae_uskayaw_murder_on_the_dancefloor
D:3:      layout_loops_ring, marbit_many_paths
D:4:      layout_loops_cross, temple_pool_b, uniq_duvessa
D:5:      corexii_shantytown, layout_loops_corners,
          nicolae_tso_carved_into_rock, led_sif_pool, serial_shops, shop_statue
D:6:      minmay_flawed_box, layout_loops_ring, serial_bayou_pond_c
D:7:      layout_basic, lemuel_crystal_altar, minitemple, serial_shops,
          nicolae_shop_overgrown_old_shop, kennysheep_generic_room_6,
          uniq_menkaure, uniq_maggie
D:8:      layout_basic, enter_bailey_6, lemuel_old_faithful, uniq_pikel
D:9:      layout_irregular_city, elyvilon_altar_5, erik_lair_island,
          serial_bayou, serial_bayou_pond_e, serial_bayou_ford_a,
          serial_bayou_lagoon_b, serial_bayou_shore_b, serial_bayou_crossing,
          serial_bayou_lagoon_a
D:10:     layout_rooms, orc_0_dummy
D:11:     layout_basic
D:12:     layout_loops_ring, basic_altar, kennysheep_cluttered_room,
          lemuel_flame_loot_1, uniq_jorgrun, uniq_maurice
D:13:     gammafunk_dig_for_victory, layout_rooms, hangedman_fish_farm
Temple:   nicolae_temple_figure_eight
Lair:1:   layout_chaotic_city, serial_bayou_pond_a
Lair:2:   lemuel_slime, layout_regular_city, elwin_shoals_entry_rooms,
          spider_nest_entry_funnel_web
Lair:3:   layout_regular_city, cheibrodos_lair_caveside_slide,
          chequers_serial_rivers_micro_c, infiniplex_staircase_pool
Lair:4:   layout_long_grid, basic_altar, serial_bayou_shore_a,
          grunt_megastairs_5, serial_bayou_shore_b
Lair:5:   nzn_winding_woodlands_medium [nzn_winding_woodlands_hourglass,
          nzn_winding_woodlands_5x15_lazy_stream,
          nzn_winding_woodlands_5x5_closed_star,
          nzn_winding_woodlands_5x5_cross,
          nzn_winding_woodlands_center_triple_pond,
          nzn_winding_woodlands_5x5_perimeter,
          nzn_winding_woodlands_5x5_open_star, nzn_winding_woodlands_5x15_eye,
          nzn_winding_woodlands_5x5_checkerboard], layout_regular_city,
          eino_house_with_fridge
Lair:6:   minmay_lair_end_frog_pond, layout_loops_ring,
          dpeg_slime_entry_enclosed_altar, basic_altar
Spider:1: nicolae_spider_hilbert_zone_5 [nicolae_spider_hilbert_3_sides_1_open,
          nicolae_spider_hilbert_4_sides_1_open,
          nicolae_spider_hilbert_4_sides_1_open,
          nicolae_spider_hilbert_6_sides_1_open,
          nicolae_spider_hilbert_6_sides_1_open,
          nicolae_spider_hilbert_2_sides_1_open,
          nicolae_spider_hilbert_2_sides_1_open]
Spider:2: layout_spider_delve, nicolae_spider_cling_halls, uniq_arachne
Spider:3: layout_chambers, spiders_nest_hornet_nest,
          hangedman_spider_tarantella_strand, uniq_kirke
Spider:4: spider_rune_water
Orc:1:    cheibrodos_orc_bank, layout_caves, serial_shops, shop, basic_altar
Orc:2:    pubby_orc_utopia

Skill      XL: |  1  2  3  4  5  6  7  8  9 10 11 12 13 14 15 16 |
---------------+-------------------------------------------------+-----
Axes           | 4 5 7 8 9 11 13 14 16 18 20 | 20.0
Fighting       | 5 8 9 10 12 | 12.0
Armour         | 9 12 14 15 18 | 18.0
Evocations     | 1 4 5 6 |  6.8
Shields        | 3 5 8 10 | 10.0
Dodging        | 4 10 12 13 15 | 15.0

Action                   |  1- 3 |  4- 6 |  7- 9 | 10-12 | 13-15 | 16-18 || total
-------------------------+-------+-------+-------+-------+-------+-------++-------
Melee: Hand axe          |    98 |   131 |    18 |       |       |       ||   247
       Headbutt          |     8 |    22 |    59 |   142 |   271 |    87 ||   589
       War axe           |       |       |   286 |    26 |       |       ||   312
       Broad axe         |       |       |       |   494 |   753 |       ||  1247
       Flail             |       |       |       |    11 |    12 |       ||    23
       Battleaxe         |       |       |       |       |   352 |   382 ||   734
Throw: Dart              |       |       |     3 |     4 |       |       ||     7
Invok: Berserk           |     4 |     2 |     3 |     2 |    13 |     1 ||    25
       Trog's Hand       |       |     1 |     3 |     2 |     5 |     3 ||    14
 Abil: Evoke Flight      |       |       |       |     2 |       |       ||     2
Evoke: Wand              |       |       |       |    26 |       |     8 ||    34
  Use: Scroll            |       |       |     5 |    11 |    12 |     5 ||    33
 Stab: Sleeping          |       |       |     3 |       |       |       ||     3
Armor: Animal skin       |     7 |       |       |       |       |       ||     7
       Ring mail         |     7 |    18 |       |       |       |       ||    25
       Leather armour    |       |     7 |    36 |       |       |       ||    43
       Steam dragon scal |       |       |    11 |    20 |       |       ||    31
       Plate armour      |       |       |       |   222 |   335 |   254 ||   811
Dodge: Dodged            |    45 |    51 |   118 |   193 |   298 |   243 ||   948
Block: Buckler           |       |       |       |    29 |   266 |       ||   295
       Reflection        |       |       |       |       |     8 |       ||     8
       Other             |       |       |       |       |    65 |    74 ||   139

Table legend: (Time is in decaauts)
 A = Elapsed time spent in this place.
 B = Non-inter-level travel time spent in this place.
 C = Inter-level travel time spent in this place.
 D = Time resting spent in this place.
 E = Time spent auto-exploring this place.
 F = Levels seen in this place.
 G = Mean time per level.
                   A        B        C        D        E       F      G
               +--------+--------+--------+--------+--------+-----+--------+
         Total |  32827 |  31806 |   1021 |   7670 |  16845 |  27 | 1215.8 |
       Dungeon |  12588 |  12224 |    364 |   1890 |   7519 |  13 |  968.3 |
        Temple |    231 |    221 |     10 |      0 |    220 |   1 |  231.0 |
          Lair |   7779 |   7515 |    264 |   1713 |   4037 |   6 | 1296.5 |
   Spider Nest |   8355 |   8057 |    298 |   2680 |   3901 |   4 | 2088.8 |
  Orcish Mines |   3627 |   3544 |     83 |   1320 |   1167 |   2 | 1813.5 |
        Bailey |    244 |    244 |      0 |     66 |      0 |   1 |  244.0 |
               +--------+--------+--------+--------+--------+-----+--------+

Top non-repeatable levels by time:
Spider:3: 3178 daAuts
   Orc:2: 2941 daAuts
  Lair:6: 2192 daAuts
Spider:2: 1919 daAuts
     D:5: 1764 daAuts
Spider:1: 1666 daAuts
Spider:4: 1591 daAuts
  Lair:4: 1437 daAuts
  Lair:5: 1385 daAuts
    D:12: 1313 daAuts
     D:1: 1273 daAuts
     D:2: 1178 daAuts
     D:4: 1032 daAuts
     D:7: 1000 daAuts
     D:6: 973 daAuts
